TOP OF THE 1ST |
Salt Lake City Bees batting - Pitching for San Jose Missions : LHP Thomas Biko
|
Pitching: LHP Thomas Biko
|
|
Batting: RHB Stephen Vaughan
|
0-0: Swinging Strike 0-1: Ball 1-1: Fly out, F9 (Flyball, 89S, EV 81.9 MPH)
|
Batting: RHB Jamie Nelson
|
0-0: Foul Ball, location: 2F 0-1: Swinging Strike 0-2: Ball 1-2: Foul Ball, location: 2F 1-2: Ground out 1-3 (Groundball, P, EV 61.9 MPH)
|
Batting: LHB Eric Attaway
|
0-0: Ground out 4-3 (Groundball, 4, EV 111.3 MPH)
|
Top of the 1st over - 0 runs, 0 hits, 0 errors, 0 left on base; Salt Lake City 0 - San Jose 0 |
BOTTOM OF THE 1ST |
San Jose Missions batting - Pitching for Salt Lake City Bees : RHP Lew Lerner
|
Pitching: RHP Lew Lerner
|
|
Batting: SHB Curt Bryan
|
0-0: Ball 1-0: Ball 2-0: Ball 3-0: Called Strike 3-1: Ground out 4-3 (Groundball, 4, EV 105.6 MPH)
|
Batting: RHB Vance Law
|
0-0: Ball 1-0: Ball 2-0: Fly out, F7 (Line Drive, 7, EV 97.5 MPH)
|
Batting: SHB Bip Roberts
|
0-0: Ball 1-0: Called Strike 1-1: Fly out, F4 (Flyball, 4MD, EV 90.6 MPH)
|
Bottom of the 1st over - 0 runs, 0 hits, 0 errors, 0 left on base; Salt Lake City 0 - San Jose 0 |
TOP OF THE 2ND |
Salt Lake City Bees batting - Pitching for San Jose Missions : LHP Thomas Biko
|
Batting: LHB Thomas Dorsey
|
0-0: Foul Ball, location: 2F 0-1: Foul Ball, location: 2F 0-2: Foul Ball, location: 2F 0-2: Foul Ball, location: 2F 0-2: Ball 1-2: Strikes out looking
|
Batting: RHB William Cole
|
0-0: Ball 1-0: Swinging Strike 1-1: Ball 2-1: Ball 3-1: Base on Balls
|
Batting: RHB Dick C Schofield
|
0-0: Ball 1-0: Swinging Strike 1-1: Foul Ball, location: 2F 1-2: Ball 2-2: Ball 3-2: Strikes out swinging William Cole is caught stealing 2nd base 2-4 Batter strikes out.
|
Top of the 2nd over - 0 runs, 0 hits, 0 errors, 0 left on base; Salt Lake City 0 - San Jose 0 |
BOTTOM OF THE 2ND |
San Jose Missions batting - Pitching for Salt Lake City Bees : RHP Lew Lerner
|
Batting: LHB Marvell Wynne
|
0-0: Ball 1-0: Ball 2-0: Foul Ball, location: 2F 2-1: Ground out U3 (Groundball, 23, EV 76.9 MPH)
|
Batting: RHB Ozzie Virgil
|
0-0: Ball 1-0: Swinging Strike 1-1: Ball 2-1: Ground out 6-3 (Groundball, 6, EV 80.0 MPH)
|
Batting: SHB David Piller
|
0-0: Ball 1-0: Called Strike 1-1: Ball 2-1: Ground out 6-3 (Groundball, 56, EV 97.5 MPH)
|
Bottom of the 2nd over - 0 runs, 0 hits, 0 errors, 0 left on base; Salt Lake City 0 - San Jose 0 |
TOP OF THE 3RD |
Salt Lake City Bees batting - Pitching for San Jose Missions : LHP Thomas Biko
|
Batting: RHB Darnell Coles
|
0-0: Swinging Strike 0-1: Ball 1-1: Swinging Strike 1-2: Strikes out swinging
|
Batting: RHB Reid Nichols
|
0-0: Ball 1-0: Ball 2-0: Ground out 6-3 (Groundball, 56, EV 83.1 MPH)
|
Batting: RHB Antonio Baca
|
0-0: SINGLE (Flyball, 9LS, EV 89.4 MPH)
|
Batting: RHB Stephen Vaughan
|
0-0: Foul Ball, location: 2F 0-1: Foul Ball, location: 2F 0-2: Strikes out swinging
|
Top of the 3rd over - 0 runs, 1 hit, 0 errors, 1 left on base; Salt Lake City 0 - San Jose 0 |
BOTTOM OF THE 3RD |
San Jose Missions batting - Pitching for Salt Lake City Bees : RHP Lew Lerner
|
Batting: RHB Pablo Cardiel
|
0-0: Foul Ball, location: 2F 0-1: Called Strike 0-2: Fly out, F9 (Flyball, 9LM, EV 78.8 MPH)
|
Batting: LHB Jack Perconte
|
0-0: Foul Ball, location: 2F 0-1: Called Strike 0-2: Ground out 5-3 (Groundball, 5, EV 83.8 MPH)
|
Batting: LHB Jesus Valerio
|
0-0: Ball 1-0: Called Strike 1-1: Ball 2-1: Called Strike 2-2: Ball 3-2: Strikes out swinging
|
Bottom of the 3rd over - 0 runs, 0 hits, 0 errors, 0 left on base; Salt Lake City 0 - San Jose 0 |
TOP OF THE 4TH |
Salt Lake City Bees batting - Pitching for San Jose Missions : LHP Thomas Biko
|
Batting: RHB Jamie Nelson
|
0-0: Called Strike 0-1: Swinging Strike 0-2: Ball 1-2: Ball 2-2: Ground out 6-3 (Groundball, 6, EV 88.8 MPH)
|
Batting: LHB Eric Attaway
|
0-0: Ball 1-0: Called Strike 1-1: Ball 2-1: Ball 3-1: Fly out, F9 (Flyball, 9S, EV 92.5 MPH)
|
Batting: LHB Thomas Dorsey
|
0-0: Called Strike 0-1: SOLO HOME RUN (Line Drive, 89XD, EV 106.9 MPH), Distance : 405 ft
|
Batting: RHB William Cole
|
0-0: Called Strike 0-1: Ball 1-1: Ball 2-1: SOLO HOME RUN (Flyball, 7D, EV 105.0 MPH), Distance : 362 ft
|
Batting: RHB Dick C Schofield
|
0-0: Ball 1-0: SINGLE (Groundball, 6MD, EV 103.1 MPH)
|
Batting: RHB Darnell Coles
|
0-0: Fly out, F9 (Flyball, 9, EV 92.5 MPH)
|
Top of the 4th over - 2 runs, 3 hits, 0 errors, 1 left on base; Salt Lake City 2 - San Jose 0 |
BOTTOM OF THE 4TH |
San Jose Missions batting - Pitching for Salt Lake City Bees : RHP Lew Lerner
|
Batting: SHB Curt Bryan
|
0-0: Ball 1-0: Foul Ball, location: 2F 1-1: Called Strike 1-2: SINGLE (Groundball, 6MD, EV 98.1 MPH)
|
Batting: RHB Vance Law
|
0-0: Called Strike 0-1: Ball 1-1: Called Strike 1-2: Foul Ball, location: 2F 1-2: Ball 2-2: Foul Ball, location: 2F 2-2: Foul Ball, location: 2F 2-2: Ground out U3 (Groundball, 3S, EV 63.8 MPH) Curt Bryan to second
|
Batting: SHB Bip Roberts
|
0-0: Ball 1-0: Fly out, F9 (Flyball, 9S, EV 87.5 MPH)
|
Batting: LHB Marvell Wynne
|
0-0: Fly out, F8 (Flyball, 8RM, EV 86.3 MPH)
|
Bottom of the 4th over - 0 runs, 1 hit, 0 errors, 1 left on base; Salt Lake City 2 - San Jose 0 |
TOP OF THE 5TH |
Salt Lake City Bees batting - Pitching for San Jose Missions : LHP Thomas Biko
|
Batting: RHB Reid Nichols
|
0-0: Foul Ball, location: 2F 0-1: Ball 1-1: Swinging Strike 1-2: Foul Ball, location: 2F 1-2: SINGLE (Groundball, 56D, EV 95.6 MPH)
|
Batting: RHB Antonio Baca
|
0-0: Bunt missed! 0-1: Bunt missed! 0-2: Fly out, F7 (Line Drive, 7D, EV 98.8 MPH)
|
Batting: RHB Stephen Vaughan
|
0-0: Foul Ball, location: 2F 0-1: Foul Ball, location: 2F 0-2: Ball 1-2: Strikes out looking
|
Batting: RHB Jamie Nelson
|
0-0: Ball 1-0: Foul Ball, location: 2F 1-1: Swinging Strike 1-2: Strikes out looking
|
Top of the 5th over - 0 runs, 1 hit, 0 errors, 1 left on base; Salt Lake City 2 - San Jose 0 |
BOTTOM OF THE 5TH |
San Jose Missions batting - Pitching for Salt Lake City Bees : RHP Lew Lerner
|
Batting: RHB Ozzie Virgil
|
0-0: Ball 1-0: Ball 2-0: Ground out 1-3 (Groundball, 13, EV 70.6 MPH)
|
Batting: SHB David Piller
|
0-0: Ball 1-0: Ball 2-0: Fly out, F8 (Line Drive, 8LD, EV 94.4 MPH)
|
Batting: RHB Pablo Cardiel
|
0-0: Ball 1-0: Ball 2-0: Ball 3-0: Base on Balls
|
Batting: LHB Jack Perconte
|
0-0: Called Strike Pablo Cardiel steals 2nd, throwing error, E2 Pablo Cardiel to third 0-1: Ball 1-1: Swinging Strike 1-2: Strikes out swinging
|
Bottom of the 5th over - 0 runs, 0 hits, 1 error, 1 left on base; Salt Lake City 2 - San Jose 0 |
TOP OF THE 6TH |
Salt Lake City Bees batting - Pitching for San Jose Missions : LHP Thomas Biko
|
Batting: LHB Eric Attaway
|
0-0: Called Strike 0-1: Foul Ball, location: 2F 0-2: Ball 1-2: Foul Ball, location: 2F 1-2: Ball 2-2: Foul Ball, location: 2F 2-2: Ball 3-2: Foul Ball, location: 2F 3-2: Base on Balls
|
Batting: LHB Thomas Dorsey
|
0-0: Ball 1-0: SINGLE (Groundball, 4D, EV 97.5 MPH) Eric Attaway to second Runner from 2nd tries for 3rd, SAFE, no throw by CF
|
Batting: RHB William Cole
|
0-0: Ball 1-0: Called Strike 1-1: Ball 2-1: DOUBLE (Flyball, 3D, EV 94.4 MPH) Eric Attaway scores Thomas Dorsey to third
|
Batting: RHB Dick C Schofield
|
0-0: Called Strike 0-1: Fly out, F8 (Flyball, 8LXD, EV 107.5 MPH) Runner from 3rd tags up, SCORES, no throw by CF William Cole to third
|
Batting: RHB Darnell Coles
|
0-0: Intentional Walk
|
Batting: RHB Reid Nichols
|
0-0: Called Strike 0-1: Ball 1-1: Ball 2-1: Fly out, F4 (Popup, 3, EV 53.8 MPH)
|
Batting: RHB Antonio Baca
|
0-0: Ground out 4-3 (Groundball, 4, EV 88.1 MPH)
|
Top of the 6th over - 2 runs, 2 hits, 0 errors, 2 left on base; Salt Lake City 4 - San Jose 0 |
BOTTOM OF THE 6TH |
San Jose Missions batting - Pitching for Salt Lake City Bees : RHP Lew Lerner
|
Batting: LHB Jesus Valerio
|
0-0: Ball 1-0: Foul Ball, location: 2F 1-1: Ball 2-1: Foul Ball, location: 2F 2-2: Foul Ball, location: 2F 2-2: Ground out 5-3 (Groundball, 56S, EV 72.5 MPH)
|
Batting: SHB Curt Bryan
|
0-0: Called Strike 0-1: Swinging Strike 0-2: Ball 1-2: Foul Ball, location: 2F 1-2: Foul Ball, location: 2F 1-2: Ball 2-2: Ball 3-2: Foul Ball, location: 2F 3-2: Strikes out swinging
|
Batting: RHB Vance Law
|
0-0: Ball 1-0: Fly out, F8 (Flyball, 8RM, EV 95.6 MPH)
|
Bottom of the 6th over - 0 runs, 0 hits, 0 errors, 0 left on base; Salt Lake City 4 - San Jose 0 |
TOP OF THE 7TH |
Salt Lake City Bees batting - Pitching for San Jose Missions : LHP Thomas Biko
|
Batting: RHB Stephen Vaughan
|
0-0: Ball 1-0: Called Strike 1-1: Swinging Strike 1-2: Strikes out swinging
|
Batting: RHB Jamie Nelson
|
0-0: Ball 1-0: Ball 2-0: SINGLE (Line Drive, 6MD, EV 100.0 MPH)
|
Batting: LHB Eric Attaway
|
0-0: Called Strike Jamie Nelson is caught stealing 2nd base 2-6 0-1: Ball 1-1: Swinging Strike 1-2: Foul Ball, location: 2F 1-2: Ball 2-2: Ground out U3 (Groundball, 3, EV 108.1 MPH)
|
Top of the 7th over - 0 runs, 1 hit, 0 errors, 0 left on base; Salt Lake City 4 - San Jose 0 |
BOTTOM OF THE 7TH |
San Jose Missions batting - Pitching for Salt Lake City Bees : RHP Lew Lerner
|
Batting: SHB Bip Roberts
|
0-0: Ball 1-0: Ball 2-0: SINGLE (Line Drive, 56D, EV 103.1 MPH)
|
Batting: LHB Marvell Wynne
|
0-0: Ball 1-0: Called Strike 1-1: Ball 2-1: SINGLE (Line Drive, 8LS, EV 101.9 MPH) Bip Roberts to second
|
Batting: RHB Ozzie Virgil
|
0-0: Ball 1-0: Called Strike 1-1: Swinging Strike 1-2: Ball 2-2: Strikes out swinging
|
Batting: SHB David Piller
|
0-0: Ball 1-0: Ball 2-0: Ball 3-0: Called Strike 3-1: Swinging Strike 3-2: Strikes out swinging
|
Batting: RHB Pablo Cardiel
|
0-0: Ball 1-0: Ball 2-0: Called Strike 2-1: Foul Ball, location: 2F 2-2: Ground out 1-3 (Groundball, 25, EV 68.8 MPH)
|
Bottom of the 7th over - 0 runs, 2 hits, 0 errors, 2 left on base; Salt Lake City 4 - San Jose 0 |
TOP OF THE 8TH |
Salt Lake City Bees batting - Pitching for San Jose Missions : LHP Thomas Biko
|
Batting: LHB Thomas Dorsey
|
0-0: Called Strike 0-1: Ball 1-1: Ball 2-1: Fly out, F7 (Flyball, 7S, EV 94.4 MPH)
|
Pitching: RHP William Swiacki
|
|
Batting: RHB William Cole
|
0-0: SINGLE (Groundball, 6D, EV 109.4 MPH)
|
Batting: RHB Dick C Schofield
|
0-0: Ball 1-0: Ground out 6-3 (Groundball, 4MS, EV 92.5 MPH) William Cole to second
|
Batting: RHB Darnell Coles
|
0-0: Intentional Walk
|
Batting: RHB Reid Nichols
|
0-0: Ball 1-0: Called Strike 1-1: Ball 2-1: SINGLE (Flyball, 8RS, EV 90.0 MPH) William Cole to third Darnell Coles to second Runner from 3rd tries for Home, SAFE, throw by CF to home
|
Batting: RHB Antonio Baca
|
0-0: Foul Ball, location: 2F 0-1: Ball 1-1: Ball 2-1: Fly out, F8 (Flyball, 89M, EV 94.4 MPH)
|
Top of the 8th over - 1 run, 2 hits, 0 errors, 2 left on base; Salt Lake City 5 - San Jose 0 |
BOTTOM OF THE 8TH |
San Jose Missions batting - Pitching for Salt Lake City Bees : RHP Lew Lerner
|
Batting: LHB Jack Perconte
|
0-0: Ball 1-0: Foul Ball, location: 2F 1-1: Foul Ball, location: 2F 1-2: Foul Ball, location: 2F 1-2: Foul Ball, location: 2F 1-2: Ball 2-2: Fly out, F8 (Flyball, 8LS, EV 89.4 MPH)
|
Batting: LHB Jesus Valerio
|
0-0: Fly out, F7 (Flyball, 7, EV 76.3 MPH)
|
Batting: SHB Curt Bryan
|
0-0: Called Strike 0-1: Ball 1-1: Ball 2-1: Ground out 4-3 (Groundball, 34, EV 105.0 MPH)
|
Bottom of the 8th over - 0 runs, 0 hits, 0 errors, 0 left on base; Salt Lake City 5 - San Jose 0 |
TOP OF THE 9TH |
Salt Lake City Bees batting - Pitching for San Jose Missions : RHP William Swiacki
|
Pitching: RHP Bill Dawley
|
|
Batting: RHB Stephen Vaughan
|
0-0: Ball 1-0: Foul Ball, location: 2F 1-1: Swinging Strike 1-2: Ball 2-2: Strikes out swinging
|
Batting: RHB Jamie Nelson
|
0-0: Ball 1-0: Fly out, F8 (Line Drive, 8RD, EV 97.5 MPH)
|
Batting: LHB Eric Attaway
|
0-0: Ball 1-0: Called Strike 1-1: Ball 2-1: Ground out U3 (Groundball, 3, EV 86.3 MPH)
|
Top of the 9th over - 0 runs, 0 hits, 0 errors, 0 left on base; Salt Lake City 5 - San Jose 0 |
BOTTOM OF THE 9TH |
San Jose Missions batting - Pitching for Salt Lake City Bees : RHP Lew Lerner
|
Batting: RHB Vance Law
|
0-0: Called Strike 0-1: SINGLE (Groundball, 25, EV 67.5 MPH) (infield hit)
|
Batting: SHB Bip Roberts
|
0-0: Foul Ball, location: 2F 0-1: Fielders Choice at 2nd, 5-4 (Groundball, 5, EV 84.4 MPH)
|
Batting: LHB Marvell Wynne
|
0-0: Grounds into double play, 6-4-3 (Groundball, 6, EV 90.0 MPH)
|
Bottom of the 9th over - 0 runs, 1 hit, 0 errors, 0 left on base; Salt Lake City 5 - San Jose 0 |
|